 Dungeon Crawl Stone Soup version 0.30.1-11-g7821555f0a (webtiles) character file.

Game seed: 16811567380319892510

1357 ArcelyAbella the Charlatan (level 8, -12/58 HPs)
             Began as a Human Artificer on Dec 10, 2023.
             Was a Believer of Cheibriados.
             Mangled by an ogre
             ... wielding a +0 giant club
              (29 damage)
             ... on level 6 of the Dungeon.
             The game lasted 00:11:33 (2271 turns).

ArcelyAbella the Charlatan (Human Artificer)        Turns: 2271, Time: 00:11:33

Health: -12/58     AC:  7    Str: 17    XL:     8   Next: 95%
Magic:  5/11       EV: 13    Int: 18    God:    Cheibriados [**....]
Gold:   127        SH:  0    Dex: 17    Spells: 4/11 levels left

rFire   . . .        w - +0 quarterstaff
rCold   . . .        (shield currently unavailable)
rNeg    . . .        c - +0 troll leather armour
rPois   .            (no helmet)
rElec   .            a - +2 cloak
rCorr   .            (no gloves)
SInv    .            (no boots)
Will    .....        (no amulet)
Stlth   ++           (no ring)
HPRegen 1.09/turn    (no ring)
MPRegen 0.12/turn

%: no passive effects
@: brilliant, attractive, flying, studying Staves, very slow
A: no striking features
a: Renounce Religion, Bend Time


You were on level 6 of the Dungeon.
You worshipped Cheibriados.
Cheibriados was pleased with you.
You visited 1 branch of the dungeon, and saw 6 of its levels.

You collected 127 gold pieces.

Inventory:

Hand Weapons
 h - a +1 rapier
 w - a +0 quarterstaff (weapon)
Armour
 a - a +2 cloak (worn)
 b - a +0 leather armour
 c - a +0 troll leather armour (worn)
Jewellery
 i - a ring of positive energy
Wands
 d - a wand of charming (9)
 e - a wand of iceblast (3)
Scrolls
 n - a scroll of amnesia
 o - a scroll of silence
 t - a scroll of teleportation {unknown}
 u - a scroll of vulnerability {unknown}
 v - a scroll of noise {unknown}
Potions
 j - a potion of lignification
 k - a potion of magic {unknown}
 l - 2 potions of mutation {unknown}
 m - 2 potions of curing
 p - a potion of might {unknown}
 q - a potion of invisibility {unknown}
 r - a potion of berserk rage {unknown}


   Skills:
 * Level 3.1 Fighting
 - Level 3.8 Short Blades
 * Level 0.5 Staves
 * Level 3.8 Armour
 * Level 3.9 Dodging
 * Level 3.3 Stealth
 * Level 2.1 Spellcasting
 * Level 0.5 Conjurations
 * Level 0.7 Transmutations
 * Level 2.3 Earth Magic
 * Level 0.7 Poison Magic
 * Level 0.7 Invocations
 * Level 5.5 Evocations


You had 4 spell levels left.
You knew the following spells:

 Your Spells              Type           Power      Damage    Failure   Level
a - Sandblast             Erth           30%        2d9       8%          1
b - Stone Arrow           Conj/Erth      20%        3d8       34%         3
c - Spider Form           Tmut/Pois      6%         N/A       43%         3

Your spell library contained the following spells:

 Spells                   Type           Power      Damage    Failure   Level
 Passwall                 Tmut/Erth      9%         N/A       17%         2
 Ensorcelled Hibernation  Hex/Ice        4%         N/A       32%         2
 Dazzling Flash           Conj/Hex       8%         N/A       50%         3
 Anguish                  Hex/Necr       1%         N/A       91%         4
 Agony                    Necr           2%         N/A       99%         5
 Silence                  Hex/Air        1%         N/A       99%         5


Dungeon Overview and Level Annotations

Branches:
Dungeon (6/15)             Temple (0/1) D:5

Altars:
Cheibriados
Vehumet


Message History

The ogre is moderately wounded.
The white imp grinds its teeth.
The ogre hits you but does no damage.
You hit the ogre but do no damage.
The ogre is moderately wounded.
It was a potion of flight.
You feel very buoyant.
You fly up into the air.
The ogre hits you with a +0 giant club!!
You hear a shout!
You hear an angry hiss.
It was a potion of brilliance.
You feel clever all of a sudden.
The white imp shouts, "Get thee gone, thou jarring sheep-biting efter!"
The ogre hits you with a +0 giant club!!
* * * LOW HITPOINT WARNING * * *
Unknown command.
It was a potion of curing.
You feel better. The ogre barely misses you.
The white imp is attracted toward you. The white imp is attracted toward you.
Something is attracted toward you. The ogre attacks as you move away!
The ogre hits you with a +0 giant club!
* * * LOW HITPOINT WARNING * * *
The scorpion is attracted toward you. The ogre misses you.
Something is attracted toward you. The scorpion is attracted toward you.
The orc is attracted toward you. Something is attracted toward you.
There is a stone staircase leading down here.
The white imp hits you but does no damage.
Something hits you!
* * * LOW HITPOINT WARNING * * *
Something bites you.
* * * LOW HITPOINT WARNING * * *
Something draws strength from your injuries!
You fly downwards.
Reactivating autopickup.
There is a stone staircase leading up here.
You feel better.
The ogre hits you with a +0 giant club!!
Ouch! That really hurt!
You die...

##....#
#.....##
.......#
.......## .
#........
...####........
............#..
#.@.....#
#.5O#.### #..##
#... ..## ...
... #.#.


You could see an ogre and a white imp.

Vanquished Creatures
  A troll (D:5)
  Sigmund (D:2)
  A yak (D:5)
  Edmund (D:5)
  A water moccasin (D:5)
  A black bear (D:5)
  2 ogres (D:5)
  A killer bee (D:5)
  A howler monkey (D:5)
  2 hounds (D:5)
  2 iguanas (D:5)
  A sleepcap (D:5)
  2 adders (D:5)
  An ufetubus (D:5)
  2 orcs (D:5)
  2 bats
  2 endoplasms (D:2)
  A giant cockroach (D:3)
  3 goblins
  2 hobgoblins
  2 quokkas (D:3)
  2 ball pythons
  2 frilled lizards (D:1)
  2 rats
38 creatures vanquished.

Vanquished Creatures (collateral kills)
  A phantom (D:5)
  An orc wizard (D:5)
  An adder (D:5)
  An orc (D:5)
4 creatures vanquished.

Vanquished Creatures (others)
  An ufetubus (D:5)
  An orc (D:5)
  A quokka (D:2)
3 creatures vanquished.

Grand Total: 45 creatures vanquished

Notes
Turn   | Place    | Note
-------+----------+-------------------------------------------
     0 | D:1      | ArcelyAbella the Human Artificer began the quest for the
                  | Orb.
     0 | D:1      | Reached XP level 1. HP: 15/15 MP: 1/1
    81 | D:1      | You fall into a shaft and drop 1 floor!
   285 | D:1      | Reached XP level 2. HP: 21/21 MP: 2/2
   518 | D:2      | Noticed Sigmund
   525 | D:2      | Found a faded altar of an unknown god.
   538 | D:2      | Killed Sigmund
   539 | D:2      | Reached skill level 1 in Short Blades
   539 | D:2      | Reached skill level 4 in Evocations
   539 | D:2      | Reached XP level 3. HP: 8/27 MP: 3/3
   539 | D:2      | Reached XP level 4. HP: 10/33 MP: 4/4
   539 | D:2      | Reached XP level 5. HP: 11/38 MP: 5/5
   767 | D:2      | Learned a level 1 spell: Sandblast
   776 | D:2      | Prayed at the altar of an unknown god.
   776 | D:2      | Became a worshipper of Cheibriados the Contemplative
   776 | D:2      | Reached * piety under Cheibriados
   790 | D:2      | You fall into a shaft and drop 1 floor!
  1011 | D:5      | Entered Level 5 of the Dungeon
  1011 | D:5      | Noticed Edmund
  1011 | D:5      | Noticed a phantom
  1017 | D:5      | Killed a phantom
  1018 | D:5      | Reached XP level 6. HP: 23/44 MP: 6/6
  1050 | D:5      | Killed Edmund
  1051 | D:5      | Reached skill level 1 in Earth Magic
  1051 | D:5      | Reached XP level 7. HP: 10/50 MP: 6/8
  1064 | D:5      | Reached skill level 1 in Spellcasting
  1101 | D:5      | HP: 1/50 [sleepcap (17)]
  1292 | D:5      | Noticed a water moccasin
  1311 | D:5      | Killed a water moccasin
  1491 | D:5      | Noticed a troll
  1500 | D:5      | Killed a troll
  1501 | D:5      | Reached skill level 5 in Evocations
  1501 | D:5      | Reached XP level 8. HP: 17/57 MP: 8/10
  1502 | D:5      | Noticed a yak
  1529 | D:5      | Killed a yak
  1750 | D:5      | Reached ** piety under Cheibriados
  1892 | D:5      | Learned a level 3 spell: Stone Arrow
  1896 | D:5      | Learned a level 3 spell: Spider Form
  2014 | D:5      | Found a staircase to the Ecumenical Temple.
  2026 | D:5      | Found a radiant altar of Vehumet.
  2244 | D:5      | Noticed a vampire
  2271 | D:6      | Mangled by an ogre

Illustrated notes

Levels and vault maps discovered:
D:1:      giann_bridges, layout_loops_ring
D:2:      layout_rooms, hellmonk_ecumenical_altar_lost_god, uniq_sigmund
D:3:      wad_lake_hut, layout_basic, gammafunk_temple_overflow_forgotten,
          serial_park_tiny_pond
D:4:      minmay_inner_zag, layout_loops_corners,
          nicolae_dithmenos_through_a_glass_darkly, minmay_shop_mayhem,
          uniq_robin
D:5:      cheibrodos_barr_body, layout_rooms, general_overflow_altar,
          minmay_temple_entry_statues_fountains, minmay_manual_mullet,
          uniq_edmund
D:6:      layout_cave_pools, zin_academy, ebering_ghost_inner_flame,
          uniq_maggie, uniq_pikel

Skill      XL: |  1  2  3  4  5  6  7  8 |
---------------+-------------------------+-----
Short Blades   | 1 2 3 |  3.8
Stealth        | 2 3 |  3.3
Evocations     | 4 5 |  5.5
Fighting       | 2 3 |  3.1
Dodging        | 2 3 |  3.9
Armour         | 3 |  3.8
Earth Magic    | 1 2 |  2.3
Spellcasting   | 1 2 |  2.1
Staves         | |  0.5
Conjurations   | |  0.5
Transmutations | |  0.7
Poison Magic   | |  0.7
Invocations    | |  0.7

Action                     |  1- 3 |  4- 6 |  7- 9 || total
---------------------------+-------+-------+-------++-------
  Melee: Rapier            |    46 |    29 |    38 ||   113
         Club              |     7 |       |       ||     7
         Quarterstaff      |       |       |    10 ||    10
         Unarmed           |       |       |     3 ||     3
         Punch             |       |       |     1 ||     1
   Cast: Sandblast         |       |       |    10 ||    10
         Stone Arrow       |       |       |     4 ||     4
         Spider Form       |       |       |     1 ||     1
  Evoke: Wand              |     7 |     7 |    14 ||    28
    Use: Scroll            |     3 |     3 |     2 ||     8
         Potion            |     1 |       |     6 ||     7
   Stab: Sleeping          |     1 |     2 |       ||     3
 Armour: Leather armour    |    24 |    21 |     9 ||    54
         Troll leather arm |       |       |    26 ||    26
         Skin              |       |       |     4 ||     4
  Dodge: Dodged            |    42 |    34 |    99 ||   175
